 Dungeon Crawl Stone Soup version 0.28-a0-479-g5baa6b73be (webtiles) character file.

Game seed: 7955058177771681196

17114 dolemite99 the Cleaver (level 12, -1/101 HPs)
             Began as a Minotaur Abyssal Knight on Sept 18, 2021.
             Was an Elder of Lugonu.
             Slain by a komodo dragon (11 damage)
             ... on level 1 of the Lair of Beasts.
             The game lasted 00:20:31 (21233 turns).

dolemite99 the Cleaver (Minotaur Abyssal Knight)   Turns: 21233, Time: 00:20:32

Health: -1/101     AC: 17    Str: 21    XL:     12   Next: 16%
Magic:  0/18       EV: 10    Int:  9    God:    Lugonu [****..]
Gold:   96         SH:  0    Dex:  9    Spells: 11/11 levels left

rFire   + + +      SeeInvis .   b - +2 longbow
rCold   . . .      Faith    .   (shield currently unavailable)
rNeg    . . .      Spirit   +   g - +1 plate armour
rPois   +          Reflect  .   O - +2 hat
rElec   +          Harm     .   f - scarf {repulsion}
rCorr   .          Rampage  .   (no gloves)
Will    .....                   c - +0 pair of boots
Stlth   ..........              j - amulet of guardian spirit
HPRegen 0.26/turn               u - +4 ring of evasion
MPRegen 0.16/turn               q - ring of Omnomowa {rElec rPois rF+, =R}

@: repel missiles
A: horns 2, retaliatory headbutt, clumsy 1, fire resistance 2
a: Renounce Religion, Depart the Abyss, Bend Space, Banish, Corrupt


You were on level 1 of the Lair of Beasts.
You worshipped Lugonu.
Lugonu was greatly pleased with you.
You visited 2 branches of the dungeon, and saw 13 of its levels.
You visited the Abyss 1 time.

You collected 1449 gold pieces.
You spent 1353 gold pieces at shops.

Inventory:

Hand Weapons
 a - a +1 whip of electrocution
 b - a +2 longbow (weapon)
 i - a +1 hand axe
 w - a +0 hand axe of flaming
 I - a +0 broad axe
 P - a +0 battleaxe
 Q - a +1 vorpal war axe
 T - a +0 shortbow
Missiles
 d - 84 sling bullets
 k - 43 bolts
 p - 393 stones
 y - 39 poisoned darts
 D - 124 arrows (quivered ammo)
Armour
 c - a +0 pair of boots (worn)
 f - a scarf of repulsion (worn)
 g - a +1 plate armour (worn)
 J - a +0 kite shield
 K - a scarf of invisibility
 O - a +2 hat (worn)
Jewellery
 j - an amulet of guardian spirit (around neck)
 l - a ring of protection from cold
 q - the ring of Omnomowa (right hand) {rElec rPois rF+, =R}
   (You bought it in a shop on level 7 of the Dungeon)

   [ring of poison resistance]

   rF:        It protects you from fire.
   rElec:     It insulates you from electricity.
   rPois:     It protects you from poison.
 u - a +4 ring of evasion (left hand)
 z - a +4 ring of evasion
 M - a ring of positive energy
Wands
 n - a wand of polymorph (11)
 B - a wand of charming (4)
 F - a wand of paralysis (15)
 N - a wand of flame (22)
 R - a wand of iceblast (16)
 U - a wand of acid (9)
Scrolls
 m - 7 scrolls of teleportation
 v - a scroll of amnesia
 C - a scroll of identify {@r1}
 E - 4 scrolls of immolation
 G - 3 scrolls of vulnerability
Potions
 e - a potion of cancellation
 h - 9 potions of ambrosia
 o - 2 potions of magic
 r - a potion of heal wounds
 s - 5 potions of curing
 t - a potion of resistance {unknown}
 x - a potion of lignification
 A - a potion of mutation
 H - 2 potions of might
 L - 2 potions of flight


   Skills:
 - Level 7.7 Fighting
 + Level 12.8 Axes
 - Level 12.5 Bows
 - Level 6.3 Armour
 - Level 1.1 Dodging
 + Level 9.9 Invocations


You had 11 spell levels left.
You didn't know any spells.
Your spell library contained the following spells:

 Spells                   Type           Power      Damage    Failure   Level
 Corpse Rot               Necr/Air       N/A        N/A       100%        2
 Passwall                 Tmut/Erth      0%         N/A       100%        2
 Poisonous Vapours        Pois/Air       0%         N/A       100%        2
 Swiftness                Air            0%         N/A       100%        3
 Tukima's Dance           Hex            0%         N/A       100%        3
 Passage of Golubria      Tloc           N/A        N/A       100%        4
 Summon Ice Beast         Ice/Summ       0%         N/A       100%        4
 Blade Hands              Tmut           0%         N/A       100%        5
 Irradiate                Conj/Tmut      0%         3d13      100%        5
 Summon Mana Viper        Hex/Summ       0%         N/A       100%        5
 Yara's Violent Unravell  Hex/Tmut       0%         3d3       100%        5
 Invisibility             Hex            0%         N/A       100%        6
 Dragon Form              Tmut           0%         N/A       100%        7
 Monstrous Menagerie      Summ           0%         N/A       100%        7


Dungeon Overview and Level Annotations

Branches:
Dungeon (11/15)            Temple (0/1) D:5            Lair (2/6) D:9
    Orc (0/2) D:11
  Swamp: Lair:2-4    Shoals: Lair:2-4     Snake: Lair:2-4    Spider: Lair:2-4

Altars:
Gozag
Kikubaaqudgha
Nemelex Xobeh
Qazlal
Sif Muna
Zin

Shops:
D:7 ==*[!

Annotations:
D:3 3 runed translucent doors, timneilson's ghost, amateur GrFi
D:9 corrupted
D:10 3 runed translucent doors, Malaketh's ghost, journeyman GnAM
Lair:1 3 runed translucent doors, AttackTheMoon's ghost, journeyman DjFE


Innate Abilities, Weirdness & Mutations

You have a pair of horns on your head.
You reflexively headbutt those who attack you in melee.
You are clumsy. (Dex -2)
Your flesh is very heat resistant. (rF++)


Message History

The eight-headed hydra is devoured by a tear in reality.
Lugonu claims a new guest.
The komodo dragon barely misses you. The bullfrog closely misses you.
You furiously retaliate!
You headbutt the bullfrog!
Press: ? - help, Shift-Dir - straight line, f - komodo dragon
Aim: a komodo dragon (almost dead, chance to affect: 73%)
The komodo dragon struggles to resist.
The bullfrog hits you but does no damage.
The komodo dragon bites you!
* * * LOW HITPOINT WARNING * * *
The bullfrog barely misses you. You furiously retaliate!
You headbutt the bullfrog!
You kill the bullfrog!
Lugonu accepts your kill.
You don't have enough magic at the moment.
Unknown command.
Fire: 127 arrows
Press: ? - help, Q - select action, (/) - cycle Shift-Dir - straight line, f/p - komodo dragon
Aim: a komodo dragon (almost dead, 72% to hit)
You shoot an arrow.
The arrow hits the komodo dragon but does no damage.
The komodo dragon is almost dead.
The komodo dragon barely misses you. You furiously retaliate!
You headbutt the komodo dragon, but do no damage.
Fire: 126 arrows
Press: ? - help, Q - select action, (/) - cycle Shift-Dir - straight line, f/p - komodo dragon
Aim: a komodo dragon (almost dead, 72% to hit)
You shoot an arrow.
The arrow barely misses the komodo dragon.
The komodo dragon bites you.
* * * LOW HITPOINT WARNING * * *
The komodo dragon bites you!
* * * LOW HITPOINT WARNING * * *
Fire: 125 arrows
Press: ? - help, Q - select action, (/) - cycle Shift-Dir - straight line, f/p - komodo dragon
Aim: a komodo dragon (almost dead, 72% to hit)
You shoot an arrow.
The arrow barely misses the komodo dragon.
The komodo dragon bites you!
You die...

....................##
.........(......)....#
.....................#
^...........^.......##
....................#
....................#
####.#..#####.......#
###### #..l....#
#..†@...## #..§§.)..#
#...§...## #.......#
#.......# #>......#
##.......#
###P.......#
#P♣♣♣♣♣♣...#


You could see a komodo dragon.

Vanquished Creatures
  Pikel (D:8)
  3 cyclopes
  A manticore (D:11)
  A komodo dragon (Lair:1)
  2 trolls
  A hornet (D:11)
  7 blink frogs
  Sigmund (D:4)
  A wyvern (D:9)
  Eustachio (D:5)
  26 yaks
  6 vampire mosquitoes
  7 water moccasins
  Duvessa (D:6)
  2 orc warriors
  2 necrophages
  An ice beast (D:7)
  8 centaurs
  3 phantoms
  2 kobold brigands
  2 gnoll sergeants
  3 scorpions
  5 bullfrogs
  Dowan (D:6)
  2 water moccasin zombies (D:6)
  7 killer bees
  2 electric eels (D:11)
  3 howler monkeys
  11 wights
  3 centaur zombies
  A jelly (D:5)
  4 hounds
  A gnoll shaman (D:7)
  9 orc priests
  2 bullfrog skeletons
  Jessica (D:3)
  5 orc wizards
  Ijyb (D:5)
  Terence (D:3)
  2 iguanas (D:5)
  2 hound zombies
  A howler monkey zombie (D:11)
  8 adders
  12 gnolls
  A shadow imp (D:8)
  3 white imps
  A worm (D:3)
  A dart slug (D:1)
  33 orcs
  5 ball pythons
  6 endoplasms
  4 giant cockroaches
  12 goblins
  9 hobgoblins
  8 jackals
  9 quokkas
  6 bats
  6 frilled lizards
  14 kobolds
  5 rats
289 creatures vanquished.

Vanquished Creatures (others)
  A queen bee (D:9)
  24 killer bees (D:9)
  3 fungi
  51 plants
79 creatures vanquished.

Grand Total: 368 creatures vanquished

Notes
Turn   | Place    | Note
-------+----------+-------------------------------------------
     0 | Abyss:1  | dolemite99 the Minotaur Abyssal Knight began the quest for
                  | the Orb.
     0 | Abyss:1  | Reached XP level 1. HP: 19/19 MP: 1/1
    19 | D:1      | Escaped the Abyss
   110 | D:1      | Reached XP level 2. HP: 25/26 MP: 2/2
   270 | D:1      | Reached ** piety under Lugonu
   394 | D:1      | Reached XP level 3. HP: 30/31 MP: 3/3
  1120 | D:2      | Reached skill level 5 in Axes
  1716 | D:3      | Found a runed translucent gate.
  1716 | D:3      | Found a runed translucent gate.
  1716 | D:3      | Found an opulent altar of Gozag.
  1716 | D:3      | Found a runed translucent gate.
  1719 | D:3      | Noticed timneilson's ghost (amateur GrFi)
  1720 | D:3      | Noticed a scorpion
  1721 | D:3      | Found a stormy altar of Qazlal.
  1841 | D:3      | Reached XP level 4. HP: 39/39 MP: 4/4
  1959 | D:3      | Noticed Jessica
  1963 | D:3      | Killed Jessica
  1969 | D:3      | Found a faded altar of an unknown god.
  1996 | D:3      | Reached *** piety under Lugonu
  2387 | D:3      | Noticed Terence
  2411 | D:3      | Killed Terence
  2412 | D:3      | Reached XP level 5. HP: 28/45 MP: 3/5
  3029 | D:4      | Noticed a yak
  3029 | D:4      | Noticed a yak
  3029 | D:4      | Noticed a yak
  3031 | D:4      | Noticed a yak
  3032 | D:4      | Noticed Sigmund
  3617 | D:4      | Reached XP level 6. HP: 47/51 MP: 6/6
  3695 | D:4      | Found an opulent altar of Gozag.
  3740 | D:4      | Killed a yak
  3831 | D:4      | Reached XP level 7. HP: 51/57 MP: 7/7
  3856 | D:3      | Killed a yak
  4095 | D:4      | Killed a yak
  4096 | D:4      | Reached skill level 10 in Axes
  4379 | D:4      | Killed Sigmund
  4485 | D:4      | Reached XP level 8. HP: 58/64 MP: 8/8
  4769 | D:4      | Reached **** piety under Lugonu
  5036 | D:5      | Entered Level 5 of the Dungeon
  5036 | D:5      | Found a staircase to the Ecumenical Temple.
  5224 | D:5      | Noticed Eustachio
  5245 | D:5      | Killed Eustachio
  5376 | D:5      | Reached skill level 5 in Armour
  5802 | D:5      | Noticed Ijyb
  5824 | D:5      | Killed Ijyb
  6171 | D:5      | Reached skill level 1 in Bows
  6581 | D:4      | Reached XP level 9. HP: 67/70 MP: 9/11
  7166 | D:5      | Reached skill level 5 in Invocations
  8263 | D:6      | Reached skill level 5 in Bows
  8307 | D:6      | Noticed Duvessa
  8307 | D:6      | Noticed Dowan
  8328 | D:6      | Killed Duvessa
  8336 | D:6      | Killed Dowan
  8749 | D:7      | Found a shimmering blue altar of Sif Muna.
  8792 | D:7      | Found a sparkling altar of Nemelex Xobeh.
  9072 | D:7      | Found Nulyannu's Distillery.
  9086 | D:7      | Bought a potion of heal wounds for 65 gold pieces
  9086 | D:7      | Bought a potion of curing for 39 gold pieces
  9086 | D:7      | Bought a potion of curing for 39 gold pieces
  9086 | D:7      | Bought a potion of curing for 39 gold pieces
  9086 | D:7      | Bought a potion of curing for 39 gold pieces
  9086 | D:7      | Bought a potion of curing for 39 gold pieces
  9086 | D:7      | Bought a potion of flight for 39 gold pieces
  9110 | D:7      | Found Popta's Assorted Antiques.
  9110 | D:7      | Found Qunn's Antique Armour Shoppe.
  9244 | D:7      | Reached skill level 5 in Fighting
  9694 | D:7      | Found Wiculi's Jewellery Boutique.
  9792 | D:7      | Reached XP level 10. HP: 83/83 MP: 14/14
 10286 | D:7      | Found Tirghol's Jewellery Emporium.
 11620 | D:8      | Noticed a cyclops
 11645 | D:8      | Killed a cyclops
 12440 | D:8      | Found an ancient bone altar of Kikubaaqudgha.
 12719 | D:9      | Noticed Pikel
 12719 | D:9      | Noticed a cyclops
 12734 | D:8      | Killed Pikel
 13457 | D:9      | Killed a cyclops
 13630 | D:9      | Found a staircase to the Lair.
 14100 | D:7      | Bought a longbow for 112 gold pieces
 14337 | D:9      | Found a glowing silver altar of Zin.
 14401 | D:9      | Corrupted D:9
 14401 | D:9      | Noticed a crystal guardian
 14401 | D:9      | Noticed a smoke demon
 14401 | D:9      | Noticed a starcursed mass
 14404 | D:9      | Noticed a large abomination
 14405 | D:9      | Noticed a starcursed mass
 14407 | D:9      | Noticed a large abomination
 14407 | D:9      | Noticed a deep elf sorcerer
 14409 | D:9      | Gained mutation: You are clumsy. (Dex -2) [potion of
                  | mutation]
 14409 | D:9      | Gained mutation: Your flesh is heat resistant. (rF+)
                  | [potion of mutation]
 14409 | D:9      | Gained mutation: Your flesh is very heat resistant. (rF++)
                  | [potion of mutation]
 14409 | D:9      | Noticed a starcursed mass
 14410 | D:9      | Noticed a starcursed mass
 14414 | D:9      | Noticed a starcursed mass
 15368 | D:10     | Entered Level 10 of the Dungeon
 15368 | D:10     | Found a runed translucent gate.
 15368 | D:10     | Found a runed translucent gate.
 15368 | D:10     | Found a runed translucent gate.
 15370 | D:10     | Noticed a two-headed ogre
 15374 | D:10     | Noticed a harpy
 15378 | D:10     | Noticed Malaketh's ghost (journeyman GnAM)
 15468 | D:10     | Noticed a two-headed ogre
 15652 | D:10     | Identified a scroll of acquirement
 15652 | D:10     | Acquired 727 gold pieces
 15880 | D:7      | Bought the ring of Omnomowa {rElec rPois rF+} for 492 gold
                  | pieces
 15950 | D:7      | Bought a potion of heal wounds for 125 gold pieces
 15950 | D:7      | Bought 2 potions of curing for 150 gold pieces
 15950 | D:7      | Bought a scroll of identify for 50 gold pieces
 16430 | D:10     | Reached XP level 11. HP: 37/93 MP: 8/16
 17235 | D:11     | Reached skill level 10 in Bows
 17926 | D:11     | Found a staircase to the Orcish Mines.
 18226 | D:11     | Identified the +0 robe of the Demon Prince {Harm Rampage
                  | rElec Slay+3}
 18465 | D:11     | Noticed a two-headed ogre
 18473 | D:11     | Banished a two-headed ogre
 19429 | D:7      | Bought a blackened gilded ring for 125 gold pieces
 19475 | Lair:1   | Entered Level 1 of the Lair of Beasts
 19830 | Lair:1   | Found a runed translucent gate.
 19830 | Lair:1   | Found a runed translucent gate.
 19881 | Lair:1   | Found a runed translucent gate.
 19883 | Lair:1   | Noticed AttackTheMoon's ghost (journeyman DjFE)
 21040 | Lair:2   | Reached XP level 12. HP: 97/101 MP: 16/18
 21221 | Lair:2   | Noticed an eight-headed hydra
 21229 | Lair:1   | Banished an eight-headed hydra
 21233 | Lair:1   | Slain by a komodo dragon

Illustrated notes

Levels and vault maps discovered:
D:1:      psy_arrival_statuary, layout_rooms, serial_bayou_lagoon_a,
          amcnicky_mini_corridor_feature
D:2:      layout_loops_corners, nicolae_underground_beach
D:3:      layout_loops_corners, grunt_qazlal_sundering,
          dreamdust_ecumenical_altar_grove, ebering_ghost_gozag,
          serial_park_tiny_1, uniq_jessica, uniq_terence
D:4:      layout_loops_ring, nicolae_gozag_seed_capital, uniq_sigmund
D:5:      layout_gridville, minmay_temple_entry_proselytizer,
          grunt_ministairs_14, uniq_ijyb, uniq_eustachio
D:6:      layout_basic, serial_corexii_hall, chequers_hall_statues_wall_a,
          corexii_hall_statues_i, uniq_duvessa
D:7:      wander_river, layout_loops_corners, mainiacjoe_overflow_24_doors,
          kennysheep_little_box, serial_shops, nicolae_shop_waterfront,
          nicolae_shop_overgrown_old_shop, shop_fountains, shop, shop,
          hangedman_abyss_or_decor_stagger
D:8:      layout_basic, lemuel_coloured_pillars_altar
D:9:      layout_roguey [special_room_bee], zin_treasury, lair_entry_dummy,
          uniq_pikel
D:10:     layout_roguey, gammafunk_ghost_split, grunt_ministairs_9
D:11:     layout_basic, david_orc_3, gauntlet_entry_generic, enter_bailey_3
Lair:1:   layout_big_grid, ebering_ghost_rock_garden, serial_forest,
          infiniplex_forest_end_2, infiniplex_forest_clump_diagonal,
          infiniplex_forest_straight_2, infiniplex_forest_lined_ring,
          grunt_megastairs_2
Lair:2:   gammafunk_worm_tunnel, layout_regular_city

Skill      XL: |  1  2  3  4  5  6  7  8  9 10 11 |
---------------+----------------------------------+-----
Axes           | 3 4 5 6 7 9 11 12 | 12.8
Armour         | 5 6 |  6.3
Invocations    | 4 7 8 9 |  9.9
Bows           | 2 5 9 12 | 12.5
Fighting       | 5 7 |  7.7
Dodging        | |  1.1

Action                   |  1- 3 |  4- 6 |  7- 9 | 10-12 || total
-------------------------+-------+-------+-------+-------++-------
Melee: Hand axe          |    99 |   149 |   228 |    74 ||   550
       Headbutt          |     9 |    15 |    43 |    28 ||    95
       Whip              |       |       |       |    98 ||    98
 Fire: Shortbow          |       |       |   200 |   108 ||   308
       Longbow           |       |       |       |   335 ||   335
Throw: Dart              |       |     4 |    31 |     5 ||    40
Invok: Banish            |       |       |     1 |     8 ||     9
       Bend Space        |       |       |       |     1 ||     1
       Corrupt           |       |       |       |     1 ||     1
  Use: Scroll            |       |       |     3 |    19 ||    22
       Potion            |       |       |     2 |    15 ||    17
 Stab: Distracted        |       |     2 |       |       ||     2
Armor: Scale mail        |    41 |     9 |       |       ||    50
       Plate armour      |       |    54 |   137 |   271 ||   462
       Skin              |       |       |       |    86 ||    86
Dodge: Dodged            |    72 |    65 |   160 |   308 ||   605
       Repelled          |       |       |     4 |     3 ||     7

Table legend: (Time is in decaauts)
 A = Elapsed time spent in this place.
 B = Non-inter-level travel time spent in this place.
 C = Inter-level travel time spent in this place.
 D = Time resting spent in this place.
 E = Time spent auto-exploring this place.
 F = Levels seen in this place.
 G = Mean time per level.
                   A        B        C        D        E       F      G
               +--------+--------+--------+--------+--------+-----+--------+
         Total |  21210 |  20208 |   1002 |   7896 |   9175 |  14 | 1515.0 |
       Dungeon |  19439 |  18510 |    929 |   7407 |   8286 |  11 | 1767.2 |
          Lair |   1752 |   1680 |     72 |    489 |    885 |   2 |  876.0 |
         Abyss |     19 |     19 |      0 |      0 |      4 |   1 |   19.0 |
               +--------+--------+--------+--------+--------+-----+--------+

Top non-repeatable levels by time:
     D:8: 2738 daAuts
     D:7: 2379 daAuts
     D:5: 2196 daAuts
    D:11: 2177 daAuts
     D:3: 2031 daAuts
     D:9: 1874 daAuts
     D:4: 1683 daAuts
     D:6: 1380 daAuts
  Lair:1: 1338 daAuts
    D:10: 1280 daAuts
     D:2: 1118 daAuts
     D:1: 578 daAuts
  Lair:2: 414 daAuts
 Abyss:1: 19 daAuts
